 Dungeon Crawl Stone Soup version 0.19.3-1-g3169bf9 (webtiles) character file.

4360 Messajah the Cleaver (level 10, -1/88 HPs)
             Began as a Minotaur Berserker on Jan 25, 2017.
             Was an Elder of Trog.
             Slain by Alarkh's ghost (36 damage)
             ... in a bailey.
             The game lasted 00:38:37 (7426 turns).

Messajah the Cleaver (Minotaur Berserker)           Turns: 7426, Time: 00:38:37

Health: -1/88      AC: 14    Str: 19    XL:     10   Next: 12%
Magic:  9/9        EV:  6    Int:  4    God:    Trog [****..]
Gold:   279        SH:  0    Dex: 13    Spells: 0 memorised, 9 levels left

rFire  . . .     SeeInvis +     t - +0 hand axe
rCold  . . .     Gourm    .     f - +0 plate armour
rNeg   . . .     Faith    .     (no shield)
rPois  .         Spirit   .     (helmet restricted)
rElec  .         Reflect  .     (no cloak)
rCorr  .         Harm     .     q - +1 pair of gloves
MR     .....                    (no boots)
Stlth  ..........               (no amulet)
                                i - -3 ring of strength (curse)
                                y - ring of see invisible

@: exhausted, slowed, heavily drained, very slow
A: retaliatory headbutt, horns 2
a: Berserk, Trog's Hand, Brothers in Arms, Burn Spellbooks, Renounce Religion


You were in a bailey.
You worshipped Trog.
Trog was greatly pleased with you.
You were near starving.

You visited 2 branches of the dungeon, and saw 8 of its levels.
You also visited: Bailey.

You collected 279 gold pieces.

Inventory:

Hand Weapons
 t - a +0 hand axe (weapon)
Missiles
 h - 21 tomahawks (quivered)
 C - 7 exploding tomahawks
 E - a throwing net
 G - 5 poisoned javelins
Armour
 f - a +0 plate armour (worn)
 n - a +1 leather armour of magic resistance
 q - a +1 pair of gloves (worn)
Jewellery
 i - a cursed -3 ring of strength (right hand)
 y - a ring of see invisible (left hand)
Wands
 s - a wand of digging (17/24)
Scrolls
 e - 2 scrolls of remove curse
 g - 3 scrolls of teleportation {unknown}
 l - 3 scrolls of fog
 p - 2 scrolls of enchant armour
 u - 2 scrolls of amnesia {unknown}
 B - a scroll of random uselessness {unknown}
Potions
 a - a potion of curing {unknown}
 d - 2 potions of might {unknown}
 j - 3 potions of lignification {unknown}
 k - a potion of mutation {unknown}
 m - 3 potions of flight
 o - a potion of magic {unknown}
 r - a potion of brilliance {unknown}
 v - a potion of resistance {unknown}
 w - 2 potions of berserk rage
 z - 2 potions of haste {unknown}
 A - a potion of cancellation {unknown}
Comestibles
 b - 4 meat rations
 c - 8 bread rations
 F - 6 beef jerkies


   Skills:
 * Level 7.6(5.0) Fighting
 - Level 14.0(10.9) Axes
 * Level 7.0(4.4) Armour
 + Level 4.6(2.2) Dodging


You had 9 spell levels left.
You didn't know any spells.

Dungeon Overview and Level Annotations

Branches:
Dungeon (7/15)             Temple (1/1) D:6

Altars:
Ashenzari
Cheibriados
Dithmenos
Elyvilon
Fedhas
Gozag
Hepliaklqana
Kikubaaqudgha
Makhleb
Nemelex Xobeh
Okawaru
Qazlal
Ru
Sif Muna
Trog
Uskayaw
Vehumet
Xom
Yredelemnul
Zin
The Shining One

Annotations:
Bailey Alarkh's ghost, novice OgMo; Vojta's ghost, novice SpHu


Innate Abilities, Weirdness & Mutations

You reflexively headbutt those who attack you in melee.
You have a pair of horns on your head.


Message History

Vojta's ghost hits you but does no damage.
You feel drained. Alarkh's ghost closely misses you. Alarkh's ghost hits you.
Vojta's ghost says, "I was like you once."
Vojta's ghost hits you but does no damage.
You feel drained.
You feel less confused.
Alarkh's ghost says, "I was once a great warrior, and I still am!"
Alarkh's ghost hits you but does no damage.
Vojta's ghost hits you but does no damage.
You feel drained. Alarkh's ghost hits you!!
* * * LOW HITPOINT WARNING * * *
Vojta's ghost hits you but does no damage.
You feel drained.
There is an empty arch of ancient stone, spattered with blood here.
There is nothing on the other side of the stone arch.
Your two-headed ogre goes berserk!
You are near starving!
Alarkh's ghost hits you!!!
You die...

!..## ...##
...##
#..(###
##.....##
##.......##
#...W.....#
#...W@....#
#..O......#
##.......##
###...###
#####


You could see Alarkh's ghost, Vojta's ghost and a friendly two-headed ogre
(berserk).

Vanquished Creatures
  Pikel (D:3)
  Joseph (D:7)
  Sigmund (D:4)
  The ghost of Alarkh the Carver, an amateur HEMo of Okawaru (D:5)
  Edmund (D:5)
  An orc warrior (D:4)
  Duvessa (D:6)
  2 black bears (D:7)
  2 ice beasts (D:7)
  A sky beast (D:7)
  A phantom (D:7)
  A slave (D:4)
  3 ogres
  4 centaurs
  4 bullfrogs
  Blork the orc (D:6)
  A gnoll sergeant (D:5)
  Dowan (D:6)
  A scorpion (D:4)
  8 killer bees (D:7)
  The ghost of Alarkh the Slasher, a weakling HEMo (D:3)
  5 crimson imps
  A quasit (D:7)
  6 hounds
  A centaur skeleton (D:5)
  5 orc wizards
  Natasha (twice) (D:4)
  2 iguanas (D:7)
  2 worker ants (D:5)
  3 hound skeletons
  A hound zombie (D:6)
  A howler monkey zombie (D:5)
  11 adders
  4 gnolls (D:5)
  A howler monkey skeleton (D:5)
  2 shadow imps
  An ooze (D:1)
  A worm (D:3)
  2 dart slugs
  3 leopard geckos
  9 orcs
  5 giant cockroaches
  13 goblins
  3 hobgoblins
  9 jackals
  10 kobolds
  7 quokkas
  8 bats
  9 frilled lizards
  A quokka zombie (D:5)
  5 rats
171 creatures vanquished.

Vanquished Creatures (others)
  A worker ant (D:4)
  An adder (D:4)
2 creatures vanquished.

Grand Total: 173 creatures vanquished

Notes
Turn   | Place    | Note
-------+----------+-------------------------------------------
     0 | D:1      | Messajah the Minotaur Berserker began the quest for the Orb.
     0 | D:1      | Reached XP level 1. HP: 19/19 MP: 0/0
    94 | D:1      | Reached skill level 4 in Axes
   176 | D:1      | Reached XP level 2. HP: 17/26 MP: 1/1
   962 | D:2      | Reached skill level 5 in Axes
   962 | D:2      | Reached XP level 3. HP: 27/31 MP: 2/2
  1046 | D:2      | Reached ** piety under Trog
  1241 | D:2      | Reached XP level 4. HP: 39/39 MP: 3/3
  1244 | D:2      | Found a radiant altar of Vehumet.
  1360 | D:2      | Reached skill level 6 in Axes
  1361 | D:2      | Found a stormy altar of Qazlal.
  1456 | D:2      | Found a bloodstained altar of Trog.
  2180 | D:3      | Found a shadowy altar of Dithmenos.
  2341 | D:3      | Noticed Alarkh's ghost (weakling HEMo)
  2359 | D:3      | Killed Alarkh's ghost
  2359 | D:3      | Reached *** piety under Trog
  2359 | D:3      | Reached skill level 7 in Axes
  2359 | D:3      | Reached XP level 5. HP: 18/45 MP: 4/4
  2999 | D:4      | Noticed a slave
  3018 | D:4      | Noticed Natasha
  3018 | D:4      | Killed a slave
  3019 | D:4      | Noticed Pikel
  3019 | D:4      | Noticed a slave
  3020 | D:4      | Noticed a slave
  3031 | D:4      | Noticed a slave
  3038 | D:4      | Killed Natasha
  3038 | D:4      | Reached skill level 8 in Axes
  3065 | D:3      | Reached XP level 6. HP: 37/51 MP: 5/5
  3160 | D:3      | Killed Pikel
  3160 | D:3      | Reached skill level 10 in Axes
  3160 | D:3      | Reached XP level 7. HP: 50/57 MP: 6/6
  3382 | D:4      | Noticed Natasha
  3429 | D:4      | Killed Natasha
  3643 | D:4      | Reached skill level 11 in Axes
  4134 | D:4      | Found a basalt altar of Yredelemnul.
  4170 | D:4      | Noticed Sigmund
  4183 | D:4      | Killed Sigmund
  4183 | D:4      | Reached XP level 8. HP: 64/64 MP: 7/7
  4215 | D:5      | Entered Level 5 of the Dungeon
  4318 | D:5      | Reached skill level 12 in Axes
  4387 | D:5      | Noticed Alarkh's ghost (amateur HEMo)
  4398 | D:5      | Killed Alarkh's ghost
  4759 | D:5      | Reached **** piety under Trog
  4759 | D:5      | Reached skill level 13 in Axes
  5184 | D:5      | Noticed Edmund
  5195 | D:5      | Killed Edmund
  5447 | D:5      | Reached XP level 9. HP: 51/70 MP: 8/8
  6061 | D:6      | Reached skill level 14 in Axes
  6203 | D:6      | Found a staircase to the Ecumenical Temple.
  6222 | Temple   | Entered the Ecumenical Temple
  6450 | D:6      | Noticed Blork the orc
  6470 | D:6      | Killed Blork the orc
  6668 | D:6      | Noticed Duvessa
  6671 | D:6      | Noticed Dowan
  6682 | D:6      | Killed Duvessa
  6682 | D:6      | Reached skill level 5 in Fighting
  6688 | D:6      | Killed Dowan
  6860 | D:7      | Found a white marble altar of Elyvilon.
  6860 | D:7      | Found a sacrificial altar of Ru.
  6862 | D:7      | Found a glowing golden altar of the Shining One.
  6897 | D:7      | Reached skill level 5 in Armour
  7013 | D:7      | Noticed Joseph
  7059 | D:7      | Killed Joseph
  7059 | D:7      | Received a gift from Trog
  7093 | D:7      | Found a shadowy altar of Dithmenos.
  7093 | D:7      | Found a burning altar of Makhleb.
  7206 | D:7      | Reached XP level 10. HP: 86/86 MP: 9/9
  7338 | D:7      | Reached ***** piety under Trog
  7347 | D:7      | Found a flagged portal.
  7353 | Bailey   | Entered a bailey
  7409 | Bailey   | Noticed Vojta's ghost (novice SpHu)
  7417 | Bailey   | Noticed Alarkh's ghost (novice OgMo)
  7426 | Bailey   | Slain by Alarkh's ghost

Skill      XL: |  1  2  3  4  5  6  7  8  9 10 |
---------------+-------------------------------+-----
Axes           | 4 5 7 8 10 11 13 14 | 14.0
Fighting       | 7 |  7.6
Armour         | 6 7 |  7.0
Dodging        | 4 |  4.6

Action                   |  1- 3 |  4- 6 |  7- 9 | 10-12 || total
-------------------------+-------+-------+-------+-------++-------
Melee: Hand axe          |    57 |   131 |   326 |    41 ||   555
       Headbutt          |     9 |    21 |    83 |     7 ||   120
Throw: Tomahawk          |       |       |     6 |     1 ||     7
Invok: Berserk           |       |     2 |     8 |     2 ||    12
       Brothers in Arms  |       |       |       |     1 ||     1
  Use: Scroll            |       |       |     8 |       ||     8
       Potion            |       |       |     2 |       ||     2
  Eat: Chunk             |     1 |     7 |    13 |     3 ||    24
       Fruit             |       |       |     2 |       ||     2
       Beef jerky        |       |       |     2 |       ||     2
       Pizza             |       |       |     1 |       ||     1
Armor: Animal skin       |     3 |       |       |       ||     3
       Leather armour    |     7 |    23 |       |       ||    30
       Chain mail        |       |    30 |    23 |       ||    53
       Plate armour      |       |       |   157 |    39 ||   196
Dodge: Dodged            |    28 |    73 |   108 |    24 ||   233
